 Dungeon Crawl Stone Soup version 0.24-a0-586-g8e0e932a4c (webtiles) character file.

Game seed: 4287196620159005691, levelgen mode: deterministic

4 Masnef the Shooter (level 1, -2/16 HPs)
             Began as a Centaur Arcane Marksman on Sept 8, 2019.
             Slain by a kobold (4 damage)
             ... on level 1 of the Dungeon.
             The game lasted 00:00:24 (36 turns).

Masnef the Shooter (Centaur Arcane Marksman)          Turns: 36, Time: 00:00:25

Health: -2/16      AC:  4    Str: 12    XL:     1   Next: 50%
Magic:  2/2        EV:  9    Int: 12    God:
Gold:   0          SH:  0    Dex:  9    Spells: 1/2 levels left

rFire    . . .     SeeInvis .   (no weapon)
rCold    . . .     Gourm    .   (no shield)
rNeg     . . .     Faith    .   e - +0 robe
rPois    .         Spirit   .   (no helmet)
rElec    .         Reflect  .   (no cloak)
rCorr    .         Harm     .   (no gloves)
MR       .....                  (no barding)
Stlth    +.........             (no amulet)
HPRegen  0.05/turn              (no ring)
MPRegen  0.08/turn              (no ring)

@: very quick
A: large, hooves 3, deformed body, speed 2, tough skin 3
a: no special abilities


You were on level 1 of the Dungeon.
You were not hungry.

You visited 1 branch of the dungeon, and saw 1 of its levels.

Inventory:

Hand Weapons
 a - a +0 shortbow
Missiles
 d - 19 arrows
Armour
 e - a +0 robe (worn)
Comestibles
 f - a ration


   Skills:
 - Level 1.0 Fighting
 + Level 3.2 Bows
 - Level 1.3 Dodging
 - Level 1.0 Spellcasting
 - Level 2.6 Hexes


You had one spell level left.
You knew the following spells:

 Your Spells              Type           Power        Failure   Level  Hunger
a - Corona                Hex            #......      10%         1    ##.....

Your spell library contained the following spells:

 Spells                   Type           Power        Failure   Level  Hunger
 Slow                     Hex            #.......     16%         2    ###....
 Inner Flame              Hex/Fire       #.......     45%         3    ####...
 Portal Projectile        Hex/Tloc       #.....       45%         3    ####...
 Cause Fear               Hex            #.........   69%         4    #####..
 Leda's Liquefaction      Hex/Erth       #.........   86%         4    #####..


Dungeon Overview and Level Annotations

Branches:
Dungeon (1/15)

Altars:


Innate Abilities, Weirdness & Mutations

You have hooves in place of feet.
Armour fits poorly on your strangely shaped body.
You cover ground very quickly.
You have extremely tough skin. (AC +3)


Message History

The goblin is severely wounded.
The frilled lizard bites you. The goblin hits you with a +0 dagger.
* * * LOW HITPOINT WARNING * * *
The kobold hits you but does no damage.
You hit the goblin.
You kill the goblin!
The frilled lizard barely misses you. The kobold barely misses you.
You are too injured to fight recklessly!
You are too injured to fight recklessly!
You are too injured to fight recklessly!
The frilled lizard bites you but does no damage.
You see here a +0 dagger.
You hit the kobold.
The kobold is moderately wounded.
The kobold hits you but does no damage.
The frilled lizard bites you but does no damage.
You hit the kobold.
The kobold is severely wounded.
The kobold hits you.
You die...

..[!.. #.#
........###### #.#
.........#...#####.###
........$#...##......#
.........+...........#
......#.##...##......#
.........######.....#
..#..)..######.#...#
#.K@l.##........)#
#(#.###..#####...# #
#)##..#.....#..#
#....#.......#..#
#...#....<....#..#
..#..#.......#..##
####..#.....#..##
##..#####..## ##.. .##


You could see a kobold and a frilled lizard.

Vanquished Creatures
  3 goblins (D:1)
  A frilled lizard (D:1)
4 creatures vanquished.

Notes
Turn   | Place    | Note
-------+----------+-------------------------------------------
     0 | D:1      | Masnef the Centaur Arcane Marksman began the quest for the
                  | Orb.
     0 | D:1      | Reached XP level 1. HP: 16/16 MP: 2/2
    28 | D:1      | Reached skill level 3 in Bows
    36 | D:1      | Slain by a kobold

Levels and vault maps discovered:
D:1:      scummos_arrival_hexagon, layout_basic, kennysheep_decorative_pillar,
          item_on_display_b

Skill      XL: |  1 |
---------------+----+-----
Bows           | 3 |  3.2
Fighting       | |  1.0
Dodging        | |  1.3
Spellcasting   | |  1.0
Hexes          | |  2.6

Action                   || total
-------------------------++-------
Melee: Unarmed           ||    14
       Kick              ||     2
 Fire: Shortbow          ||     1
Armor: Robe              ||    12
Dodge: Dodged            ||    10

Table legend:
 A = Non-vault XP
 B = Vault XP
 C = Vault XP percentage of total XP
 D = Non-vault monster count
 E = Vault monster count
 F = Vault count percentage of total count
                 A         B        C        D         E       F
            +---------+---------+-------+---------+---------+-------
      Total |       6 |       0 |   0.0 |       4 |       0 |   0.0
            +---------+---------+-------+---------+---------+-------
        D:1 |       6 |       0 |   0.0 |       4 |       0 |   0.0
            +---------+---------+-------+---------+---------+-------
